[Event "FRA-ch Teams Top 16-B 2022"]
[Site "Chartres"]
[Date "2022.06.14"]
[Round "6.9"]
[White "Donchenko, Alexander"]
[Black "Di Nicolantonio, Lucas"]
[Result "1-0"]
[ECO "D46"]
[WhiteElo "2599"]
[BlackElo "2399"]
[Annotator "RC"]
[PlyCount "113"]
[EventDate "2022.06.09"]
[EventType "team-tourn"]
[EventCountry "FRA"]
[SourceTitle "playchess.com"]
[Source "ChessBase"]
[SourceQuality "1"]
[TimeControl "40/5400+30:1800+30"]

1. c4 c6 2. d4 d5 3. Nf3 Nf6 4. e3 e6 5. Nbd2 Be7 6. Bd3 O-O 7. O-O Nbd7 8. e4 dxe4 9. Nxe4 c5 10. Nxc5 Nxc5 11. dxc5 Bxc5 12. Qc2 b6 13. Bg5 h6 14. Bh7+ Kh8 15. Be4 Rb8 16. Bf4 Bb7 17. Rad1 Qe7 18. Bxb7 Rxb7 19. Ne5 Rc8 20. Qe2 Nd7 21. Ng4 Nf6 22. Ne5 Nd7 23. Nd3 Nf6 24. Qf3 Rd7 25. Ne5 Rxd1 26. Rxd1 Kg8 27. h3 Rd8 28. Rb1 Rc8 29. Rd1 Rd8 30. Rxd8+ Qxd8 31. Nc6 Qd7 32. b4 Bd6 33. Be3 e5 34. b5 e4 35. Qe2 Ne8 36. Qd2 Qe6 37. Nxa7 Qxc4 38. Bxb6 Be5 39. Be3 Nd6 40. Nc6 Qxb5 41. Nxe5 Qxe5 42. Bf4 Qa1+ 43. Kh2 Nc4 44. Qd8+ Kh7 45. Qd5 Qxa2 46. Qxe4+ Kg8 47. Qe8+ Kh7 48. Qxf7 Qc2 49. Qe6 Qd3 50. h4 Nd2 51. h5 Nf1+ 52. Kg1 Qd1 53. Qf5+ Kh8 54. Qc8+ Kh7 55. Qc1 Ne3+ 56. Qxd1 Nxd1 57. Be5 1-0

[Event "FRA-ch Teams Top 16-B 2022"]
[Site "Chartres"]
[Date "2022.06.14"]
[Round "6.10"]
[White "Eugene, Floryan"]
[Black "Hamitevici, Vladimir"]
[Result "1/2-1/2"]
[ECO "C00"]
[WhiteElo "2370"]
[BlackElo "2482"]
[Annotator "RC"]
[PlyCount "220"]
[EventDate "2022.06.09"]
[EventType "team-tourn"]
[EventCountry "FRA"]
[SourceTitle "playchess.com"]
[Source "ChessBase"]
[SourceQuality "1"]
[TimeControl "40/5400+30:1800+30"]

1. e4 c5 2. Nf3 e6 3. d3 Nc6 4. g3 d5 5. Qe2 Nf6 6. Bg2 Be7 7. O-O O-O 8. e5 Nd7 9. c4 Kh8 10. h4 f6 11. exf6 Bxf6 12. Nc3 Nd4 13. Nxd4 cxd4 14. Nb5 dxc4 15. dxc4 Qb6 16. Rb1 a6 17. Na3 a5 18. Nb5 e5 19. b3 Re8 20. Ba3 Be7 21. Bxe7 Rxe7 22. Rbd1 Rf7 23. Qe4 Rf8 24. f4 d3+ 25. Kh1 Nc5 26. Qxe5 Bg4 27. Nc7 Rad8 28. Nd5 Qh6 29. Rd2 Be2 30. Rxe2 dxe2 31. Qxe2 Rde8 32. Qd2 Ne4 33. Qd3 Nc5 34. Qd4 b6 35. f5 Qd6 36. Qg4 Qe5 37. Nxb6 Qe2 38. Qd4 Ne4 39. Kh2 Nf6 40. Nd5 Qxa2 41. Nxf6 Re2 42. Ng4 Rxg2+ 43. Kh3 Rd2 44. Qc5 Rg8 45. h5 Qxb3 46. h6 Qb7 47. Qe5 Qg2+ 48. Kh4 Re2 49. Qd4 Qe4 50. hxg7+ Rxg7 51. Qd8+ Qe8 52. Qxe8+ Rxe8 53. f6 Ra7 54. Ne5 a4 55. Nc6 Rc7 56. Ne7 a3 57. Kg5 Rxc4 58. f7 Rf8 59. Kf6 Rg4 60. Nf5 Ra4 61. Nh4 Rg4 62. Nf5 Rb4 63. Nh4 Rb6+ 64. Ke7 Rbb8 65. Kf6 Rb6+ 66. Ke7 a2 67. Kxf8 Rb1 68. Rf2 Rb8+ 69. Ke7 a1=Q 70. f8=Q+ Rxf8 71. Rxf8+ Kg7 72. Rf3 Qe5+ 73. Kd7 Kh6 74. Rf4 Qe2 75. Kd6 Kg5 76. Nf3+ Kh6 77. Nd4 Qe1 78. Kd5 Kg6 79. Rg4+ Kf7 80. Rf4+ Kg8 81. Rg4+ Kh8 82. Rf4 h5 83. Nf5 Kh7 84. Kd4 Kg6 85. Nh4+ Kh6 86. Rf6+ Kg7 87. Rf3 Qe6 88. Re3 Qc6 89. Kd3 Qa6+ 90. Kd2 Kf6 91. Ke1 Kg5 92. Kf2 Kg4 93. Nf3 Qa2+ 94. Re2 Qd5 95. Re3 Qc5 96. Ne5+ Kg5 97. Nf3+ Kf5 98. Ne5 Qa7 99. Kf3 Qa4 100. Kf2 Qa8 101. Re2 Qh1 102. Nf3 Qa1 103. Re5+ Kg6 104. Nh4+ Kh6 105. Rf5 Qd4+ 106. Kg2 Qe4+ 107. Kh2 Qc6 108. Kg1 Qc2 109. Kh1 Qe4+ 110. Kh2 Qe2+ 1/2-1/2

[Event "FRA-ch Teams Top 16-B 2022"]
[Site "Chartres"]
[Date "2022.06.14"]
[Round "6.12"]
[White "Hutois, Mickael"]
[Black "Solodovnichenko, Yuri"]
[Result "0-1"]
[ECO "B80"]
[WhiteElo "2238"]
[BlackElo "2499"]
[Annotator "RC"]
[PlyCount "74"]
[EventDate "2022.06.09"]
[EventType "team-tourn"]
[EventCountry "FRA"]
[SourceTitle "playchess.com"]
[Source "ChessBase"]
[SourceQuality "1"]
[TimeControl "40/5400+30:1800+30"]

1. e4 c5 2. Nf3 Nc6 3. d4 cxd4 4. Nxd4 Nf6 5. Nc3 d6 6. f3 e6 7. Be3 Be7 8. g4 Nd7 9. Qd2 O-O 10. O-O-O Nxd4 11. Bxd4 Ne5 12. Be2 a6 13. h4 b5 14. a3 Nc6 15. g5 Rb8 16. Be3 Qa5 17. Nb1 Qc7 18. h5 b4 19. a4 Na5 20. Qd3 d5 21. g6 dxe4 22. gxh7+ Kh8 23. fxe4 Rd8 24. h6 g6 25. Bd4+ Kxh7 26. Nd2 e5 27. Qf3 Be6 28. Bf2 Rbc8 29. Bd3 Qc6 30. Rdf1 Qxa4 31. Kd1 Rxd3 32. Qxd3 Bg4+ 33. Kc1 Be2 34. Bc5 Qa1+ 35. Nb1 Bg5+ 36. Be3 Bxd3 37. Rxf7+ Kh8 0-1

[Event "FRA-ch Teams Top 16-B 2022"]
[Site "Chartres"]
[Date "2022.06.14"]
[Round "6.13"]
[White "Nezar, Mustapha"]
[Black "De Pierrefeu, Thibaut"]
[Result "1-0"]
[ECO "E05"]
[WhiteElo "2357"]
[BlackElo "2181"]
[Annotator "RC"]
[PlyCount "105"]
[EventDate "2022.06.09"]
[EventType "team-tourn"]
[EventCountry "FRA"]
[SourceTitle "playchess.com"]
[Source "ChessBase"]
[SourceQuality "1"]
[TimeControl "40/5400+30:1800+30"]

1. d4 Nf6 2. c4 e6 3. Nf3 d5 4. g3 Be7 5. Bg2 O-O 6. Qc2 a6 7. O-O dxc4 8. a4 Bd7 9. Qxc4 Bc6 10. Nc3 b5 11. Qd3 b4 12. Nb1 Be4 13. Qe3 c5 14. Nbd2 Bd5 15. Qd3 cxd4 16. Qxd4 Nc6 17. Qd3 e5 18. Qb1 Bc5 19. Qc2 Qb6 20. Nb3 Bxb3 21. Qxb3 Na5 22. Qa2 Rae8 23. Nd2 b3 24. Qb1 g6 25. Qd3 Rd8 26. Qf3 Kg7 27. Ne4 Nxe4 28. Qxe4 Rfe8 29. Qh4 f6 30. Bh6+ Kg8 31. Rac1 Rd4 32. Qh3 e4 33. Be3 f5 34. g4 f4 35. Bxf4 Rxa4 36. g5 Rd4 37. Qg3 Bd6 38. e3 Bxf4 39. Qxf4 Qd6 40. Qg4 Rc4 41. Ra1 Nb7 42. Rfd1 Qe6 43. Qxe6+ Rxe6 44. Rd4 Rc5 45. h4 Rce5 46. Bf1 Rb6 47. Bxa6 Nc5 48. Bc4+ Kf8 49. Ra7 Rb7 50. Rxb7 Nxb7 51. Bxb3 Rb5 52. Bd5 Nd6 53. Bc6 1-0

[Event "FRA-ch Teams Top 16-B 2022"]
[Site "Chartres"]
[Date "2022.06.14"]
[Round "6.14"]
[White "Real, Thibault"]
[Black "Philippe, Christophe"]
[Result "0-1"]
[ECO "B02"]
[WhiteElo "2262"]
[BlackElo "2379"]
[Annotator "RC"]
[PlyCount "80"]
[EventDate "2022.06.09"]
[EventType "team-tourn"]
[EventCountry "FRA"]
[SourceTitle "playchess.com"]
[Source "ChessBase"]
[SourceQuality "1"]
[TimeControl "40/5400+30:1800+30"]

1. e4 Nf6 2. Nc3 d5 3. e5 d4 4. exf6 dxc3 5. fxg7 cxd2+ 6. Bxd2 Bxg7 7. Bb5+ c6 8. Bd3 Nd7 9. Qh5 Ne5 10. Be2 Qd5 11. Bc3 O-O 12. Nh3 Bxh3 13. Qxh3 Ng6 14. O-O Rad8 15. Rad1 Qg5 16. Bxg7 Kxg7 17. Bd3 f5 18. Rfe1 e5 19. Bf1 a6 20. Qc3 Qf6 21. a4 Rxd1 22. Rxd1 Rd8 23. Ra1 e4 24. Qb4 Rd7 25. a5 Qd4 26. Qxd4+ Rxd4 27. Be2 Rd2 28. Bd1 f4 29. Kf1 e3 30. f3 Nh4 31. g3 fxg3 32. hxg3 Nf5 33. Ke1 Nxg3 34. Ra3 Nf5 35. Rb3 Rh2 36. Rxb7+ Kf6 37. f4 Nd4 38. Be2 Rxe2+ 39. Kd1 Rh2 40. Ke1 Rh1# 0-1

[Event "FRA-ch Teams Top 16-B 2022"]
[Site "Chartres"]
[Date "2022.06.14"]
[Round "6.15"]
[White "Savina, Anastasia"]
[Black "Le Pen, Steven"]
[Result "1-0"]
[ECO "D35"]
[WhiteElo "2348"]
[BlackElo "2090"]
[Annotator "RC"]
[PlyCount "61"]
[EventDate "2022.06.09"]
[EventType "team-tourn"]
[EventCountry "FRA"]
[SourceTitle "playchess.com"]
[Source "ChessBase"]
[SourceQuality "1"]
[TimeControl "40/5400+30:1800+30"]

1. d4 d5 2. c4 e6 3. Nc3 Nf6 4. cxd5 exd5 5. Bg5 c6 6. e3 Bf5 7. Qf3 Bg6 8. Bxf6 Qxf6 9. Qxf6 gxf6 10. Nf3 Nd7 11. Nh4 b5 12. Kd2 Bb4 13. a3 Ba5 14. Bd3 Rg8 15. Rhc1 b4 16. axb4 Bxb4 17. Ke2 Ke7 18. Na2 Rgb8 19. Rxc6 Bd6 20. Rc2 Nb6 21. Nc3 Ke6 22. Nxg6 fxg6 23. Ra6 f5 24. Nb5 Rb7 25. Rc6 Rd7 26. Rxd6+ Rxd6 27. Nc7+ Kd7 28. Nxa8 Nxa8 29. Bb5+ Kc7 30. Rxa7+ Kb6 31. Ra6+ 1-0

[Event "FRA-ch Teams Top 16-B 2022"]
[Site "Chartres"]
[Date "2022.06.14"]
[Round "6.16"]
[White "Ruhlmann, Helene"]
[Black "Pourquet, Matthieu"]
[Result "1-0"]
[ECO "A30"]
[WhiteElo "1779"]
[BlackElo "2178"]
[Annotator "NA RC"]
[PlyCount "67"]
[EventDate "2022.06.09"]
[EventType "team-tourn"]
[EventCountry "FRA"]
[SourceTitle "playchess.com"]
[Source "ChessBase"]
[SourceQuality "1"]
[TimeControl "40/5400+30:1800+30"]

1. c4 e6 2. Nf3 c5 3. Nc3 Nf6 4. g3 b6 5. Bg2 Bb7 6. O-O Be7 7. d4 cxd4 8. Qxd4 d6 9. Rd1 a6 10. Bg5 Nbd7 11. e4 Qc7 12. Rac1 O-O 13. h3 Rad8 14. b4 Rfe8 15. a3 Qb8 16. Be3 Bf8 17. Nd2 Qa8 18. g4 Rb8 19. Nf1 Ne5 20. f4 Ng6 21. Qd3 Nd7 22. Ng3 Nh4 23. Bh1 f5 24. gxf5 exf5 25. Nd5 Bxd5 26. exd5 Re7 27. Bf2 Rbe8 28. c5 bxc5 29. bxc5 dxc5 30. d6 Re4 31. Nxe4 fxe4 32. Qc4+ Kh8 33. Bxh4 Qc8 34. Bg2 1-0

[Event "FRA-ch Teams Top 16-B 2022"]
[Site "Chartres"]
[Date "2022.06.14"]
[Round "6.17"]
[White "Fantinel, Thibault"]
[Black "Vernay, Clovis"]
[Result "1/2-1/2"]
[ECO "C01"]
[WhiteElo "2388"]
[BlackElo "2523"]
[Annotator "RC"]
[PlyCount "65"]
[EventDate "2022.06.09"]
[EventType "team-tourn"]
[EventCountry "FRA"]
[SourceTitle "playchess.com"]
[Source "ChessBase"]
[SourceQuality "1"]
[TimeControl "40/5400+30:1800+30"]

1. e4 e6 2. d4 d5 3. exd5 exd5 4. Nf3 Bd6 5. c4 Nf6 6. Nc3 h6 7. c5 Be7 8. Bd3 b6 9. cxb6 axb6 10. O-O O-O 11. h3 c6 12. Bf4 Nbd7 13. Re1 Re8 14. Qd2 Bf8 15. Rxe8 Nxe8 16. Re1 b5 17. Bb1 Nd6 18. Ne2 Ne4 19. Qc2 Ra6 20. Ng3 Ndf6 21. Ne5 Qb6 22. Rd1 Be6 23. f3 Nxg3 24. Bxg3 g6 25. Qd2 Nd7 26. Rc1 Nxe5 27. Bxe5 c5 28. Qf4 Bd7 29. Bc7 Qa7 30. Bb8 Qb6 31. Bc7 Qa7 32. Bb8 Qb6 33. Bc7 1/2-1/2

[Event "FRA-ch Teams Top 16-B 2022"]
[Site "Chartres"]
[Date "2022.06.14"]
[Round "6.18"]
[White "Brailly-Vignal, Bastien"]
[Black "Kirk, Ezra"]
[Result "0-1"]
[ECO "A70"]
[WhiteElo "2372"]
[BlackElo "2446"]
[Annotator "RC"]
[PlyCount "122"]
[EventDate "2022.06.09"]
[EventType "team-tourn"]
[EventCountry "FRA"]
[SourceTitle "playchess.com"]
[Source "ChessBase"]
[SourceQuality "1"]
[TimeControl "40/5400+30:1800+30"]

1. d4 Nf6 2. c4 e6 3. Nc3 c5 4. d5 exd5 5. cxd5 d6 6. e4 g6 7. h3 Bg7 8. Nf3 O-O 9. Bd3 a6 10. a4 Nbd7 11. O-O Re8 12. Re1 Nh5 13. Bg5 Bf6 14. Be3 Ne5 15. Be2 Nxf3+ 16. Bxf3 Ng7 17. Bg4 Bg5 18. Bxc8 Rxc8 19. Qb3 Rb8 20. Qc4 Bxe3 21. Rxe3 Qa5 22. Ree1 Re7 23. e5 Rxe5 24. Rxe5 dxe5 25. Ne4 Nf5 26. Qxc5 Qxc5 27. Nxc5 Rd8 28. Nxb7 Rxd5 29. b4 Nd4 30. Nc5 Nc2 31. Rb1 Nxb4 32. Rxb4 Rxc5 33. Kf1 Rc1+ 34. Ke2 Ra1 35. f4 exf4 36. Rxf4 Ra3 37. Kf2 Kg7 38. Kg1 f6 39. Kh2 g5 40. Rc4 Kg6 41. h4 h6 42. Kg1 a5 43. Kf2 Ra2+ 44. Kf3 Ra3+ 45. Kf2 Kf7 46. Ke2 Ke6 47. Rc6+ Ke7 48. h5 Rxa4 49. Rc7+ Ke6 50. Rh7 Re4+ 51. Kf3 Rf4+ 52. Kg3 a4 53. Rxh6 a3 54. Rh8 Ra4 55. Re8+ Kf7 56. Re1 a2 57. Ra1 Kg7 58. Kh3 f5 59. g4 fxg4+ 60. Kg2 Kh6 61. Kg3 Kh7 0-1

[Event "FRA-ch Teams Top 16-B 2022"]
[Site "Chartres"]
[Date "2022.06.14"]
[Round "6.19"]
[White "Le Hetet, Nicolas"]
[Black "Buscara, Sevan"]
[Result "1/2-1/2"]
[ECO "C45"]
[WhiteElo "2372"]
[BlackElo "2385"]
[Annotator "RC"]
[PlyCount "27"]
[EventDate "2022.06.09"]
[EventType "team-tourn"]
[EventCountry "FRA"]
[SourceTitle "playchess.com"]
[Source "ChessBase"]
[SourceQuality "1"]
[TimeControl "40/5400+30:1800+30"]

1. e4 e5 2. Nf3 Nc6 3. d4 exd4 4. Nxd4 Bc5 5. Be3 Qf6 6. c3 Nge7 7. Bb5 b6 8. O-O Bb7 9. a4 a6 10. Be2 d5 11. Nxc6 Qxc6 12. exd5 Nxd5 13. Bxc5 Qxc5 14. Bf3 1/2-1/2

[Event "FRA-ch Teams Top 16-B 2022"]
[Site "Chartres"]
[Date "2022.06.14"]
[Round "6.20"]
[White "Benitah, Yohan"]
[Black "Favarel, Julien"]
[Result "1-0"]
[ECO "A31"]
[WhiteElo "2383"]
[BlackElo "2312"]
[Annotator "RC"]
[PlyCount "67"]
[EventDate "2022.06.09"]
[EventType "team-tourn"]
[EventCountry "FRA"]
[SourceTitle "playchess.com"]
[Source "ChessBase"]
[SourceQuality "1"]
[TimeControl "40/5400+30:1800+30"]

1. d4 Nf6 2. c4 c5 3. Nf3 cxd4 4. Nxd4 e5 5. Nb5 d5 6. cxd5 Bc5 7. e3 O-O 8. N5c3 Bf5 9. h3 h5 10. Qf3 Bxb1 11. Rxb1 e4 12. Nxe4 Nxe4 13. Qxe4 Re8 14. Qa4 Nd7 15. Be2 Nb6 16. Qb3 Qh4 17. O-O Re5 18. Bf3 g5 19. Qd1 g4 20. g3 Qf6 21. hxg4 Qg6 22. b4 Qxb1 23. bxc5 Nc4 24. Qd4 Qxa2 25. gxh5 Qc2 26. d6 Rg5 27. d7 Ne5 28. Be4 Rd8 29. Bxc2 Nf3+ 30. Kg2 Nxd4 31. exd4 Rd5 32. h6 R8xd7 33. Re1 Rd8 34. Be4 1-0

[Event "FRA-ch Teams Top 16-B 2022"]
[Site "Chartres"]
[Date "2022.06.14"]
[Round "6.21"]
[White "Ternault, Mathieu"]
[Black "Crut, Aurelien"]
[Result "1/2-1/2"]
[ECO "C10"]
[WhiteElo "2367"]
[BlackElo "2355"]
[Annotator "RC"]
[PlyCount "58"]
[EventDate "2022.06.09"]
[EventType "team-tourn"]
[EventCountry "FRA"]
[SourceTitle "playchess.com"]
[Source "ChessBase"]
[SourceQuality "1"]
[TimeControl "40/5400+30:1800+30"]

1. e4 e6 2. d4 d5 3. Nc3 Be7 4. e5 c5 5. Qg4 Kf8 6. dxc5 Nc6 7. Nf3 Bxc5 8. Bd3 f6 9. exf6 Nxf6 10. Qh4 e5 11. Bb5 e4 12. Bg5 exf3 13. O-O-O fxg2 14. Rhg1 Be6 15. Rxg2 Be7 16. Re1 Bf7 17. f3 d4 18. Ne2 Qd5 19. Bxc6 bxc6 20. Nf4 Qd7 21. Rge2 Re8 22. Ne6+ Bxe6 23. Rxe6 Kf7 24. Bxf6 Bxf6 25. Rxf6+ gxf6 26. Qh5+ Kf8 27. Qh6+ Kf7 28. Qh5+ Kf8 29. Qh6+ Kf7 1/2-1/2

[Event "FRA-ch Teams Top 16-B 2022"]
[Site "Chartres"]
[Date "2022.06.14"]
[Round "6.22"]
[White "Marzolo, Cyril"]
[Black "Domenech, Vianney"]
[Result "1/2-1/2"]
[ECO "E61"]
[WhiteElo "2376"]
[BlackElo "2266"]
[Annotator "RC"]
[PlyCount "122"]
[EventDate "2022.06.09"]
[EventType "team-tourn"]
[EventCountry "FRA"]
[SourceTitle "playchess.com"]
[Source "ChessBase"]
[SourceQuality "1"]
[TimeControl "40/5400+30:1800+30"]

1. c4 Nf6 2. Nc3 g6 3. Nf3 Bg7 4. d4 O-O 5. Bg5 d6 6. e3 c6 7. Be2 Nbd7 8. O-O Qc7 9. h3 e5 10. b4 h6 11. Bh4 Nh7 12. Qb3 Kh8 13. c5 g5 14. cxd6 Qxd6 15. Bg3 f5 16. dxe5 Nxe5 17. Nxe5 Bxe5 18. Rfd1 Qf6 19. Bxe5 Qxe5 20. Na4 Nf6 21. Rac1 Be6 22. Qc3 Qxc3 23. Nxc3 Rad8 24. b5 c5 25. b6 axb6 26. Rb1 Nd5 27. Na4 Ra8 28. Nxb6 Nc3 29. Nxa8 Nxe2+ 30. Kf1 Nc3 31. Nb6 Nxb1 32. Rxb1 Bxa2 33. Rb5 Rf6 34. Ke1 Rc6 35. Kd2 Kg7 36. Kc3 Be6 37. Na4 Kf6 38. Rxb7 Bd5 39. g3 Bg2 40. h4 gxh4 41. gxh4 Ra6 42. Rb6+ Rxb6 43. Nxb6 Kg6 44. Nd7 Kh5 45. Nxc5 Kxh4 46. Kd2 Bc6 47. Ne6 Bd7 48. Nd4 Kh3 49. Ke1 Kg2 50. Ne2 Bb5 51. Nf4+ Kf3 52. Ne6 Bd3 53. Nd4+ Kg2 54. Kd2 Be4 55. f3 Bxf3 56. Nxf5 h5 57. Nh4+ Kf2 58. Kd3 Kg3 59. Nxf3 Kxf3 60. e4 Kf4 61. e5 Kxe5 1/2-1/2

[Event "FRA-ch Teams Top 16-B 2022"]
[Site "Chartres"]
[Date "2022.06.14"]
[Round "6.23"]
[White "Roubert, Emile"]
[Black "Rouler, Charly"]
[Result "0-1"]
[ECO "B84"]
[WhiteElo "2027"]
[BlackElo "2345"]
[Annotator "RC"]
[PlyCount "120"]
[EventDate "2022.06.09"]
[EventType "team-tourn"]
[EventCountry "FRA"]
[SourceTitle "playchess.com"]
[Source "ChessBase"]
[SourceQuality "1"]
[TimeControl "40/5400+30:1800+30"]

1. e4 c5 2. Nf3 e6 3. d4 cxd4 4. Nxd4 a6 5. Nc3 Qc7 6. Be2 Nf6 7. O-O d6 8. f4 Nc6 9. Kh1 Be7 10. Nxc6 bxc6 11. Qd3 O-O 12. b3 Bb7 13. Bb2 c5 14. Rae1 Nd7 15. Qh3 Bf6 16. Bd3 g6 17. Rf3 Qa5 18. Bf1 Rae8 19. Rd3 Bd4 20. Qh4 f6 21. Rh3 Rf7 22. Bc4 Nf8 23. f5 gxf5 24. exf5 Rg7 25. Rg3 Ree7 26. fxe6 Ng6 27. Qh5 Bf2 28. Rf1 Bxg3 29. hxg3 Ne5 30. Nd5 Bxd5 31. Bxd5 Qd2 32. Rd1 Qg5 33. Qxg5 Rxg5 34. Bxe5 dxe5 35. Bc4 Rxg3 36. Bxa6 Kf8 37. Bc4 Ra7 38. Rd8+ Ke7 39. Rh8 Rg7 40. a4 Rc7 41. a5 f5 42. a6 e4 43. Kg1 Kf6 44. Rd8 Ke5 45. Rd5+ Kf4 46. Kf2 h5 47. g3+ Rxg3 48. Rxf5+ Kxf5 49. Kxg3 Ke5 50. c3 Rh7 51. Kh4 e3 52. b4 cxb4 53. cxb4 Kd4 54. Be2 Kd5 55. Bd3 Kxe6 56. b5 Kd6 57. b6 Kc6 58. a7 Rh8 59. a8=Q+ Rxa8 60. Kxh5 Ra2 0-1

[Event "FRA-ch Teams Top 16-B 2022"]
[Site "Chartres"]
[Date "2022.06.14"]
[Round "6.24"]
[White "Djidjeli, Sarah"]
[Black "Gennesseaux, Gabrielle"]
[Result "1-0"]
[ECO "C02"]
[WhiteElo "2040"]
[BlackElo "1794"]
[Annotator "NA RC"]
[PlyCount "27"]
[EventDate "2022.06.09"]
[EventType "team-tourn"]
[EventCountry "FRA"]
[SourceTitle "playchess.com"]
[Source "ChessBase"]
[SourceQuality "1"]
[TimeControl "40/5400+30:1800+30"]

1. e4 e6 2. d4 d5 3. e5 c5 4. c3 Nc6 5. Nf3 Nge7 6. Na3 Qa5 7. dxc5 Qxc5 8. Nb5 Ng6 9. Nc7+ Kd7 10. Nxa8 Ngxe5 11. Nxe5+ Nxe5 12. Be3 Qa5 13. b4 Qd8 14. Bxa7 1-0

[Event "FRA-ch Teams Top 16-B 2022"]
[Site "Chartres"]
[Date "2022.06.14"]
[Round "6.25"]
[White "Kulaots, Kaido"]
[Black "Erigaisi Arjun"]
[Result "0-1"]
[ECO "C02"]
[WhiteElo "2537"]
[BlackElo "2675"]
[Annotator "TA"]
[PlyCount "98"]
[EventDate "2022.06.09"]
[EventType "team-tourn"]
[EventCountry "FRA"]
[SourceTitle "playchess.com"]
[Source "ChessBase"]
[SourceQuality "1"]
[TimeControl "40/5400+30:1800+30"]

1. e4 e6 2. d4 d5 3. e5 c5 4. c3 Qb6 5. Nf3 Nc6 6. Be2 cxd4 7. cxd4 Nh6 8. Bxh6 {[%emt 0:01:53] is more profitable than 8.Nc3 at the moment.} Qxb2 {[%emt 0:00:09] C02: French: Advance Variation.} 9. Nbd2 gxh6 10. O-O Nxd4 {[%emt 0:04:55] Black is slightly better.} 11. Rb1 (11. Qa4+ Nc6 12. Rab1 Qa3 $17) 11... Nxe2+ 12. Qxe2 Qa3 13. Rfc1 {[%emt 0:12:42] [#]} (13. Nd4 $15 a6 14. N2f3) 13... Be7 $146 (13... Qxa2 $2 14. Qb5+ Bd7 15. Qxb7 $18) (13... Qa6 $17 14. Qxa6 bxa6) ({Predecessor:} 13... Bd7 14. Rc7 Rc8 15. Rcxb7 Be7 16. g3 Bc6 17. R7b3 Qc5 18. Qd3 O-O 19. Nd4 Ba4 {0-1 (38) Salemgareev,T (2463)-Levin,E (2485) Cheliabinsk 2021}) 14. Rc7 (14. Nd4 $5 Bd7 15. Nb5 Bxb5 16. Qxb5+ Kf8 17. Qxb7 $15) 14... a6 15. Rbc1 Bd7 16. Nb3 Bd8 17. R7c3 (17. Rxb7 Bc8 18. Rbc7 Bxc7 19. Rxc7 Qb4 $17) 17... Bb5 (17... Qe7 $15 {deserves consideration.}) 18. Qe3 $1 $11 {[%emt 0:02:14] Black must now prevent Nc5.} Qe7 (18... Qxa2 19. Qxh6 Qb2 20. Nc5 $16) 19. Qxh6 Bc4 $36 {[%emt 0:00:38][%mdl 2048] Black is pushing.} 20. Rxc4 (20. a4 $11 {remains equal.}) 20... dxc4 $17 21. Rxc4 {[%emt 0:00:30] [#]} Bc7 $1 22. Qd2 Rd8 23. Qc2 {[%emt 0:00:10] [#]} Qd7 24. Nbd4 Bb6 25. h3 Qd5 ({Inferior is} 25... Bxd4 26. Rxd4 Rc8 27. Qe4 $17) 26. Qa4+ {[%emt 0:01:16] [#]} Rd7 $1 {[%emt 0:00:34] ...Kd8 is the strong threat.} 27. Rc8+ Bd8 28. Qc2 {[%emt 0:00:59] Hoping for Rc5.} b6 {[%emt 0:02:47] Against Rc5} 29. Qd2 (29. Kh2 $142) 29... Qb7 30. Rc3 Qe4 {[%emt 0:00:48] Prevents Qf4.} 31. Re3 Qd5 32. Rc3 Rg8 ({Black should play} 32... b5 {aiming for ...Bb6.} 33. Rc8 Rc7) 33. Qf4 (33. Qe2 $17 {was necessary.}) 33... Qxa2 $19 34. Rc8 Qb1+ (34... Rc7 $19 35. Ra8 Rg6) 35. Kh2 $17 Rc7 ({Don't play} 35... Qf1 $6 36. Ng5 Rxg5 37. Qxg5 Rxd4 38. Qg8+ Ke7 39. Qg5+ Ke8 40. Qg8+ Ke7 41. Qg5+ Ke8 $11) 36. Rxc7 (36. Rb8 $17 Qc1 37. Qh4) 36... Bxc7 $19 37. Nc6 $2 (37. h4) 37... Qc2 38. Nfd4 Qc5 ({Not} 38... Qg6 39. g3 $17) 39. g3 b5 40. Qf6 Rg6 41. Qh4 h6 42. Qe4 a5 43. Qe2 a4 44. h4 a3 45. h5 Rg5 46. f4 Rg7 {[%emt 0:01:03] And now ...Qc3 would win.} 47. Qd2 Bb6 48. Kh3 Qc4 {[%emt 0:02:08] ( -> ...a2)} 49. Kh2 a2 {[%emt 0:00:48] Weighted Error Value: White=0.46/Black=0.16 (very precise)} 0-1

[Event "FRA-ch Teams Top 16-B 2022"]
[Site "Chartres"]
[Date "2022.06.14"]
[Round "6.26"]
[White "Nihal Sarin"]
[Black "Neiksans, Arturs"]
[Result "1/2-1/2"]
[ECO "D02"]
[WhiteElo "2646"]
[BlackElo "2579"]
[Annotator "RC"]
[PlyCount "108"]
[EventDate "2022.06.09"]
[EventType "team-tourn"]
[EventCountry "FRA"]
[SourceTitle "playchess.com"]
[Source "ChessBase"]
[SourceQuality "1"]
[TimeControl "40/5400+30:1800+30"]

1. d4 d5 2. Nf3 e6 3. Bf4 c5 4. c3 Bd6 5. Bg3 Nf6 6. e3 O-O 7. Nbd2 Qc7 8. dxc5 Qxc5 9. Bd3 Nbd7 10. e4 dxe4 11. Nxe4 Nxe4 12. Bxe4 Bxg3 13. hxg3 Nf6 14. Qe2 Nxe4 15. Qxe4 Qf5 16. Qxf5 exf5 17. Nd4 Bd7 18. f3 g6 19. Kf2 Kg7 20. Rhd1 Rac8 21. Rd2 h5 22. Rad1 Rfe8 23. Rd3 Re5 24. R1d2 Be8 25. Nc2 Kf8 26. Ne3 Rec5 27. Rd5 Rxd5 28. Rxd5 Ke7 29. c4 Bc6 30. Rd4 Ke6 31. b4 Ke5 32. Rd2 b6 33. b5 Be8 34. a4 f6 35. f4+ Ke6 36. Ke2 Bf7 37. Rd4 Ke7 38. Kd2 a6 39. bxa6 Ra8 40. Kc3 Rxa6 41. Kb4 Be8 42. Nd5+ Kf7 43. Nc3 Bc6 44. Rd2 g5 45. Ra2 h4 46. gxh4 gxh4 47. Nd5 Bxd5 48. cxd5 Ra5 49. Rd2 Ke7 50. Re2+ Kd7 51. Re6 Rxd5 52. Rxb6 Rd4+ 53. Kb5 Rxf4 54. Rxf6 Rg4 1/2-1/2

[Event "FRA-ch Teams Top 16-B 2022"]
[Site "Chartres"]
[Date "2022.06.14"]
[Round "6.27"]
[White "Brochet, Philippe"]
[Black "Mendonca, Leon Luke"]
[Result "1/2-1/2"]
[ECO "B11"]
[WhiteElo "2390"]
[BlackElo "2551"]
[Annotator "RC"]
[PlyCount "69"]
[EventDate "2022.06.09"]
[EventType "team-tourn"]
[EventCountry "FRA"]
[SourceTitle "playchess.com"]
[Source "ChessBase"]
[SourceQuality "1"]
[TimeControl "40/5400+30:1800+30"]

1. e4 c6 2. Nc3 d5 3. Nf3 Bg4 4. h3 Bxf3 5. Qxf3 e6 6. g3 Nf6 7. Bg2 Bb4 8. O-O O-O 9. d3 Bxc3 10. bxc3 Qa5 11. exd5 cxd5 12. c4 dxc4 13. Qxb7 Nbd7 14. Be3 cxd3 15. cxd3 Nb6 16. Bxb6 axb6 17. Rfb1 Rab8 18. Qe7 Nd5 19. Bxd5 Qxd5 20. Rb3 Rfc8 21. Rab1 h6 22. Qb4 Ra8 23. a3 Ra6 24. Rc3 Rxc3 25. Qxc3 Qa8 26. Rb3 Kh7 27. Qb4 g6 28. Rc3 Qb7 29. Qf4 Ra7 30. Qd4 Ra5 31. Rb3 Qf3 32. Rxb6 Rd5 33. Qe4 Qxd3 34. Qxd3 Rxd3 35. a4 1/2-1/2

[Event "FRA-ch Teams Top 16-B 2022"]
[Site "Chartres"]
[Date "2022.06.14"]
[Round "6.28"]
[White "Terrieux, Kevin"]
[Black "Chabanon, Jean-Luc"]
[Result "1/2-1/2"]
[ECO "A11"]
[WhiteElo "2448"]
[BlackElo "2432"]
[Annotator "RC"]
[PlyCount "64"]
[EventDate "2022.06.09"]
[EventType "team-tourn"]
[EventCountry "FRA"]
[SourceTitle "playchess.com"]
[Source "ChessBase"]
[SourceQuality "1"]
[TimeControl "40/5400+30:1800+30"]

1. Nf3 Nf6 2. g3 d5 3. Bg2 c6 4. O-O Bf5 5. d3 e6 6. c4 Be7 7. cxd5 exd5 8. Nc3 O-O 9. Nd4 Bg6 10. e4 dxe4 11. dxe4 Na6 12. h3 Nc5 13. Re1 Qb6 14. Nf5 Bxf5 15. exf5 Rfe8 16. Qc2 Na6 17. a3 Bc5 18. Bg5 Bd4 19. Na4 Qc7 20. Bf4 Be5 21. Bxe5 Rxe5 22. b4 Rae8 23. Rxe5 Qxe5 24. Rd1 h6 25. Qd3 Nb8 26. Nc3 Re7 27. Qd8+ Re8 28. Qd3 Re7 29. Qd8+ Kh7 30. Qd4 Qxd4 31. Rxd4 Rd7 32. Rxd7 Nfxd7 1/2-1/2